 Dungeon Crawl Stone Soup version 0.27.0-1-g7a089689b8 (webtiles) character file.

Game seed: 15824594458342359551

2975 rjrrt the Cleaver (level 9, 0/75 HPs)
             Began as a Minotaur Berserker on Aug 12, 2021.
             Was an Elder of Trog.
             Slain by a smoke demon (2 damage)
             ... summoned by an orc sorcerer
             ... on level 7 of the Dungeon.
             The game lasted 00:12:58 (6935 turns).

rjrrt the Cleaver (Minotaur Berserker)              Turns: 6935, Time: 00:12:59

Health: 0/75       AC: 13    Str: 24    XL:     9   Next: 53%
Magic:  0/8        EV:  8    Int:  4    God:    Trog [****..]
Gold:   926        SH:  0    Dex: 11    Spells: 8/8 levels left

rFire    . . .     SeeInvis .   a - +2 hand axe (vorpal)
rCold    . . .     Faith    .   (no shield)
rNeg     . . .     Spirit   +   v - +0 plate armour
rPois    .         Reflect  .   (helmet restricted)
rElec    .         Harm     .   (no cloak)
rCorr    .         Rampage  .   (no gloves)
Will     .....                  g - +0 pair of boots
Stlth    ..........             e - amulet of guardian spirit
HPRegen  0.22/turn              (no ring)
MPRegen  0.11/turn              (no ring)

@: silenced
A: horns 2, retaliatory headbutt
a: Renounce Religion


You were on level 7 of the Dungeon.
You worshipped Trog.
Trog was greatly pleased with you.
You visited 1 branch of the dungeon, and saw 7 of its levels.

You collected 926 gold pieces.

Inventory:

Hand Weapons
 a - a +2 vorpal hand axe (weapon)
 j - a +0 war axe
 q - a +0 spear
Missiles
 b - 11 boomerangs (quivered)
Armour
 g - a +0 pair of boots (worn)
 v - a +0 plate armour (worn)
Jewellery
 e - an amulet of guardian spirit (around neck)
 r - an amulet of the acrobat
 t - a ring of fire
Wands
 o - a wand of digging (4)
Scrolls
 d - 4 scrolls of teleportation
 i - a scroll of identify
 m - 3 scrolls of enchant weapon
Potions
 c - 2 potions of lignification
 f - a potion of might {unknown}
 k - 2 potions of degeneration {unknown}
 l - 2 potions of flight {unknown}
 p - a potion of resistance
 s - a potion of invisibility {unknown}
 u - a potion of mutation {unknown}
 w - a potion of brilliance {unknown}


   Skills:
 + Level 6.0 Fighting
 * Level 11.7 Axes
 + Level 3.9 Throwing
 + Level 5.5 Armour
 + Level 4.9 Dodging
 + Level 3.4 Evocations


You had 8 spell levels left.
You didn't know any spells.
Your spell library was empty.

Dungeon Overview and Level Annotations

Branches:
Dungeon (7/15)             Temple (0/1) D:4

Altars:
Cheibriados
Kikubaaqudgha
Okawaru
Sif Muna
Wu Jian
Yredelemnul

Shops:
D:2 (

Annotations:
D:3 3 runed translucent doors, dolemite99's ghost, amateur DjIE
D:7 1 runed translucent door


Innate Abilities, Weirdness & Mutations

You have a pair of horns on your head.
You reflexively headbutt those who attack you in melee.


Message History

The orc sorcerer hits you but does no damage. x2
Unknown command.
You barely miss the orc sorcerer.
The orc sorcerer is almost dead.
You hit the orc sorcerer but do no damage.
You are covered in liquid flames!
* * * LOW HITPOINT WARNING * * *
The orc sorcerer hits you but does no damage.
The orc sorcerer hits you with a +0 dagger.
* * * LOW HITPOINT WARNING * * *
Unknown command.
You feel better.
You are covered in liquid flames!
* * * LOW HITPOINT WARNING * * *
The smoke demon gestures at you. Something smites you!
* * * LOW HITPOINT WARNING * * *
The orc sorcerer barely misses you.
The orc sorcerer hits you but does no damage.
Unknown command.
You hit the orc sorcerer.
You kill the orc sorcerer!
Trog accepts your kill.
Trog appreciates your killing of a magic user.
You hit the smoke demon. You barely miss the orc sorcerer.
The smoke demon hits you but does no damage. x3
Your Fighting skill increases to level 6!
Unknown command.
Unknown command.
You hit the orc sorcerer.
The orc sorcerer is moderately wounded.
You hit the smoke demon. The orc sorcerer barely misses you.
Unknown command.
You hit the orc sorcerer but do no damage.
You headbutt the orc sorcerer.
The orc sorcerer is moderately wounded.
You hit the smoke demon. The smoke demon hits you.
* * * LOW HITPOINT WARNING * * *
The smoke demon hits you.
You die...

..###........^..##.
#...###.........# #
............#...#
###[...###......#
####..#.###.....##
.........#.......#
.........##......####
..........##...)....##
................@....##
.##)...........3o.....#
#..............#.....##
#)....).............##
...................##
).............#....##
...#..........#.....##
........###..........#
...##...##.........###


You could see a smoke demon (summoned) and an orc sorcerer.

Vanquished Creatures
  An orc sorcerer (D:7)
  An acid dragon (D:4)
  A water moccasin (D:7)
  2 orc warriors
  An ice beast (D:6)
  A black bear (D:5)
  A necrophage (D:7)
  A centaur (D:7)
  3 ogres
  3 phantoms
  2 wyvern zombies
  2 scorpions
  A water moccasin skeleton (D:4)
  2 bullfrog zombies
  3 jellies
  5 hounds
  A centaur skeleton (D:5)
  A bullfrog skeleton (D:6)
  7 orc priests
  2 iguanas
  Natasha (thrice) (D:4)
  6 orc wizards
  Robin (D:4)
  3 gnolls (D:4)
  11 adders
  A shadow imp (D:7)
  An adder skeleton (D:4)
  2 worms
  2 dart slugs
  13 orcs
  8 endoplasms
  A giant cockroach (D:3)
  12 goblins
  4 hobgoblins
  7 kobolds
  A quokka (D:3)
  8 ball pythons
  6 bats
  2 frilled lizards
  6 rats
139 creatures vanquished.

Vanquished Creatures (others)
  19 plants (D:1)
19 creatures vanquished.

Grand Total: 158 creatures vanquished

Notes
Turn   | Place    | Note
-------+----------+-------------------------------------------
     0 | D:1      | rjrrt the Minotaur Berserker began the quest for the Orb.
     0 | D:1      | Reached XP level 1. HP: 19/19 MP: 0/0
   158 | D:1      | Reached skill level 4 in Axes
   281 | D:1      | Reached XP level 2. HP: 26/26 MP: 1/1
   603 | D:1      | Found a faded altar of an unknown god.
  1018 | D:2      | Reached skill level 5 in Axes
  1018 | D:2      | Reached XP level 3. HP: 17/31 MP: 2/2
  1395 | D:2      | Found Utwitrur's Weapon Shop.
  1488 | D:2      | Reached ** piety under Trog
  1569 | D:2      | Reached skill level 6 in Axes
  1569 | D:2      | Reached XP level 4. HP: 29/39 MP: 3/3
  2008 | D:3      | Found a runed translucent gate.
  2008 | D:3      | Found a runed translucent gate.
  2010 | D:3      | Found a runed translucent gate.
  2010 | D:3      | Noticed dolemite99's ghost (amateur DjIE)
  2324 | D:4      | Noticed a phantom
  2326 | D:4      | Found a staircase to the Ecumenical Temple.
  2338 | D:4      | Killed a phantom
  2339 | D:4      | Reached skill level 7 in Axes
  2339 | D:4      | Reached XP level 5. HP: 22/45 MP: 1/4
  2582 | D:4      | Noticed Natasha
  2592 | D:4      | Killed Natasha
  2666 | D:4      | Reached skill level 8 in Axes
  2666 | D:4      | Reached XP level 6. HP: 47/51 MP: 5/5
  2692 | D:4      | Found a basalt altar of Yredelemnul.
  2696 | D:4      | Noticed Robin
  2707 | D:4      | Noticed an acid dragon
  2725 | D:4      | Killed an acid dragon
  2725 | D:4      | Killed Robin
  2726 | D:4      | Reached skill level 9 in Axes
  2848 | D:4      | Noticed Natasha
  2851 | D:4      | Reached *** piety under Trog
  2863 | D:4      | Killed Natasha
  3056 | D:4      | Reached XP level 7. HP: 57/57 MP: 6/6
  3185 | D:4      | Noticed Natasha
  3195 | D:4      | Killed Natasha
  3248 | D:4      | Found an ornate altar of the Wu Jian Council.
  3312 | D:4      | Found a snail-covered altar of Cheibriados.
  3317 | D:4      | Found an ancient bone altar of Kikubaaqudgha.
  3534 | D:5      | Entered Level 5 of the Dungeon
  3950 | D:5      | Reached skill level 10 in Axes
  3950 | D:5      | Reached skill level 1 in Throwing
  3950 | D:5      | Reached skill level 1 in Evocations
  4216 | D:5      | Identified a scroll of acquirement
  4216 | D:5      | Acquired 477 gold pieces
  4581 | D:5      | Reached XP level 8. HP: 67/67 MP: 7/7
  5602 | D:6      | Reached skill level 5 in Fighting
  5655 | D:6      | Found an iron altar of Okawaru.
  5895 | D:6      | Reached skill level 11 in Axes
  6079 | D:6      | Reached **** piety under Trog
  6082 | D:6      | Reached XP level 9. HP: 70/74 MP: 5/8
  6318 | D:7      | Reached skill level 5 in Armour
  6529 | D:7      | Noticed an orc sorcerer
  6758 | D:7      | Found a shimmering blue altar of Sif Muna.
  6882 | D:7      | Found a runed translucent gate.
  6906 | D:7      | Noticed an orc sorcerer
  6920 | D:7      | Paralysed by an orc sorcerer for 2 turns
  6921 | D:7      | Noticed a smoke demon
  6932 | D:7      | HP: 3/75 [smoke demon/divine providence[an orc sorcerer]
                  | (11)]
  6933 | D:7      | Killed an orc sorcerer
  6935 | D:7      | Slain by a smoke demon

Illustrated notes

Levels and vault maps discovered:
D:1:      dpeg_arrival_rhombus, layout_loops_ring,
          shapermc_ecumenical_altar_mp_urbaneastern, kennysheep_boxes
D:2:      layout_loops_ring, serial_shops,
          nicolae_shop_competitors_out_of_business, minmay_misc_feat_alley
D:3:      layout_rooms, serial_rivers, chequers_serial_rivers_micro_c,
          chequers_serial_rivers_micro_d, chequers_serial_rivers_small_b,
          chequers_serial_rivers_large_a, ebering_ghost_rock_garden
D:4:      layout_loops_ring, mainiacjoe_overflow_catwalk,
          grunt_temple_overflow_open, lemuel_doored_altar,
          minmay_temple_entry_glassed_door, st_stairs_6,
          hangedman_abyss_or_decor_lesser_grid, uniq_robin, uniq_natasha
D:5:      layout_gridville
D:6:      layout_basic, mainiacjoe_overflow_brackets, kennysheep_generic_room_11
D:7:      cheibrodos_wizards_tower, layout_cave_pools, amcnicky_altar_gilded,
          gammafunk_ghost_nasty_kobolds, kennysheep_doodads

Skill      XL: |  1  2  3  4  5  6  7  8  9 |
---------------+----------------------------+-----
Axes           | 4 5 6 7 8 9 10 11 | 11.7
Fighting       | 4 5 6 |  6.0
Throwing       | 1 3 |  3.9
Evocations     | 1 2 3 |  3.4
Armour         | 3 4 5 |  5.5
Dodging        | 3 4 |  4.9

Action                   |  1- 3 |  4- 6 |  7- 9 || total
-------------------------+-------+-------+-------++-------
Melee: Hand axe          |    98 |    87 |   245 ||   430
       Headbutt          |    11 |    13 |    43 ||    67
Throw: Boomerang         |       |     6 |    41 ||    47
Invok: Berserk           |       |     2 |     5 ||     7
Evoke: Wand              |       |       |     1 ||     1
  Use: Scroll            |       |     6 |     5 ||    11
       Potion            |       |     2 |     2 ||     4
Armor: Ring mail         |     9 |       |       ||     9
       Animal skin       |     3 |       |       ||     3
       Chain mail        |    41 |    49 |    71 ||   161
       Plate armour      |       |       |    23 ||    23
Dodge: Dodged            |    40 |    27 |    80 ||   147
